 Dungeon Crawl Stone Soup version 0.27-a0-1525-g1038ab4fd7 (webtiles) character file.

Game seed: 14992459912244553438

122 hatdisgam the Shield-Bearer (level 5, 0/45 HPs)
             Began as a Formicid Fighter on July 11, 2021.
             Slain by a centaur (1 damage)
             ... on level 6 of the Dungeon.
             The game lasted 00:02:00 (1938 turns).

hatdisgam the Shield-Bearer (Formicid Fighter)      Turns: 1938, Time: 00:02:00

Health: 0/45       AC: 11    Str: 22    XL:     5   Next: 27%
Magic:  4/4        EV:  7    Int:  7    God:
Gold:   85         SH:  9    Dex: 10    Spells: 4/4 levels left

rFire    + . .     SeeInvis +   a - +0 war axe
rCold    + . .     Faith    .   c - +0 kite shield
rNeg     . . .     Spirit   .   j - +0 chain mail
rPois    .         Reflect  .   (helmet unavailable)
rElec    .         Harm     .   (no cloak)
rCorr    .         Rampage  .   (no gloves)
Will     .....                  (no boots)
Stlth    ..........             (no amulet)
HPRegen  0.15/turn              h - ring of protection from fire
MPRegen  0.09/turn              (no ring)

@: no status effects
A: permanent stasis, dig shafts and tunnels, antennae 3, four strong arms,
iridescent scales 1, cold resistance 1, low mp 1, robust 1
a: Dig, Shaft Self


You were on level 6 of the Dungeon.
You visited 1 branch of the dungeon, and saw 5 of its levels.

You collected 85 gold pieces.

Inventory:

Hand Weapons
 a - a +0 war axe (weapon)
Armour
 b - a +0 scale mail
 c - a +0 kite shield (worn)
 j - a +0 chain mail (worn)
Jewellery
 h - a ring of protection from fire (left hand)
Wands
 p - a wand of acid (12)
Scrolls
 e - a scroll of teleportation {unknown}
 f - a scroll of enchant armour {unknown}
 l - 2 scrolls of vulnerability {unknown}
 m - 2 scrolls of enchant weapon {unknown}
 n - a scroll of identify {unknown}
 o - 2 scrolls of blinking {unknown}
Potions
 d - a potion of might
 i - a potion of haste
 k - a potion of brilliance {unknown}


   Skills:
 - Level 3.2 Fighting
 * Level 3.8 Axes
 - Level 3.2 Armour
 + Level 1.8 Dodging
 + Level 4.5 Shields


You had 4 spell levels left.
You didn't know any spells.
Your spell library contained the following spells:

 Spells                   Type           Power      Damage    Failure   Level
 Animate Skeleton         Necr           0%         N/A       100%        1


Dungeon Overview and Level Annotations

Branches:
Dungeon (6/15)
 Temple: D:4-7

Altars:
Hepliaklqana

Annotations:
D:2 Natasha
D:4 Menkaure
D:5 Pikel


Innate Abilities, Weirdness & Mutations

You cannot be hasted, slowed, berserked, paralysed or teleported.
You can dig through walls and to a lower floor.
You have a pair of large antennae on your head. (SInv)
Your four strong arms can wield two-handed weapons with a shield.
You are partially covered in iridescent scales. (AC +2)
Your flesh is cold resistant. (rC+)
Your magical capacity is low. (-10% MP)
You are robust. (+10% HP)


Message History

A shaft appears beneath you!
You fall into a shaft and drop 1 floor!
The shaft crumbles and collapses. 2 lemures and Pikel come into view.
Pikel is wielding a +2 whip of freezing.
Pikel shouts!
The lemure shouts! x2; You hear a shout!
Unknown command.
Unknown command.
A lemure comes into view.
The lemure shouts!
The lemure barely misses you.
A lemure comes into view.
Found 17 poisoned darts.
Found a stone staircase leading down.
A centaur zombie comes into view.
There is a stone staircase leading down here.
Pikel waves his whip at you.
You climb downwards.
You hear the hiss of flowing sand.
There is an entrance to an ossuary on this level.
Hurry and find it before the portal is buried!
A centaur comes into view.
The centaur shouts!
Found a stone staircase leading down.
There is a stone staircase leading up here.
The centaur wields a +0 shortbow.
The centaur shoots an arrow.
The arrow hits you!
* * * LOW HITPOINT WARNING * * *
The centaur unwields a +0 shortbow.
The centaur hits you but does no damage.
The centaur kicks you but does no damage.
It was a potion of haste.
Your stasis prevents you from being hasted.
The centaur hits you but does no damage.
The centaur kicks you but does no damage.
The centaur closely misses you. You block the centaur's attack.
It was a potion of mutation.
You feel extremely strange.
You feel less energetic.
Iridescent scales grow over part of your body.
You feel resistant to cold.
You feel robust. The centaur hits you.
You die...

#. ...#
#.####..
+......
#...... #
#....###.#
#.......
#.....##
#@.<#
#..c...#
#...#...#
+.#.....#
.. #....##
#. .{.....
# ...#....
.....>...


You could see a centaur.

Vanquished Creatures
  Natasha (twice) (D:2)
  2 adders (D:2)
  A worm (D:2)
  4 dart slugs
  3 ball pythons (D:1)
  4 bats
  3 endoplasms
  2 giant cockroaches (D:1)
  2 goblins
  4 hobgoblins (D:1)
  4 jackals
  3 frilled lizards
  8 kobolds
  2 rats
44 creatures vanquished.

Notes
Turn   | Place    | Note
-------+----------+-------------------------------------------
     0 | D:1      | hatdisgam the Formicid Fighter began the quest for the Orb.
     0 | D:1      | Reached XP level 1. HP: 18/18 MP: 1/1
   378 | D:1      | Found a faded altar of an unknown god.
   387 | D:1      | Got Plato's Volume of Dark Secrets
   424 | D:1      | Reached XP level 2. HP: 24/24 MP: 2/2
   558 | D:1      | Reached skill level 4 in Shields
   558 | D:1      | Reached XP level 3. HP: 28/29 MP: 3/3
   602 | D:1      | Reached skill level 1 in Dodging
  1216 | D:2      | Found a hazy altar of Hepliaklqana.
  1325 | D:2      | Noticed Natasha
  1328 | D:2      | Reached XP level 4. HP: 35/35 MP: 4/4
  1329 | D:2      | Killed Natasha
  1561 | D:2      | Noticed Natasha
  1570 | D:2      | Killed Natasha
  1571 | D:2      | Reached XP level 5. HP: 19/41 MP: 5/5
  1892 | D:2      | Noticed Natasha
  1915 | D:2      | You fall into a shaft and drop 2 floors!
  1915 | D:4      | Noticed Menkaure
  1921 | D:4      | You fall into a shaft and drop 1 floor!
  1921 | D:5      | Entered Level 5 of the Dungeon
  1921 | D:5      | Noticed Pikel
  1921 | D:5      | Noticed a lemure
  1921 | D:5      | Noticed a lemure
  1922 | D:5      | Noticed a lemure
  1922 | D:5      | Noticed a lemure
  1934 | D:6      | Noticed a centaur
  1935 | D:6      | HP: 1/41 [centaur/arrow (8)]
  1938 | D:6      | Gained mutation: Your magical capacity is low. (-10% MP)
                  | [potion of mutation]
  1938 | D:6      | Gained mutation: You are partially covered in iridescent
                  | scales. (AC +2) [potion of mutation]
  1938 | D:6      | Gained mutation: Your flesh is cold resistant. (rC+)
                  | [potion of mutation]
  1938 | D:6      | Gained mutation: You are robust. (+10% HP) [potion of
                  | mutation]
  1938 | D:6      | Slain by a centaur

Illustrated notes

Levels and vault maps discovered:
D:1:      nagdon_arrival_zigzag_paths, layout_basic,
          shapermc_ecumenical_altar_rom_forum
D:2:      layout_loops_cross, basic_altar, grunt_decor_fettered,
          minmay_strange_pillars, uniq_natasha
D:4:      layout_rooms, serial_shops, shop, minmay_misc_feat_five,
          minmay_shop_damaged, uniq_menkaure, uniq_edmund
D:5:      layout_loops_ring, minmay_temple_entry_gardened_gates, serial_undead,
          serial_undead_f, serial_undead_a, serial_undead_d, serial_undead_b,
          minmay_strange_pillars, uniq_pikel, uniq_blork_the_orc
D:6:      layout_basic, nicolae_ossuary_entry_false_entrances,
          due_unseen_surprise

Skill      XL: |  1  2  3 |
---------------+----------+-----
Shields        | 4 |  4.5
Dodging        | 1 |  1.8
Axes           | 3 |  3.8
Fighting       | |  3.2
Armour         | |  3.2

Action                   |  1- 3 |  4- 6 || total
-------------------------+-------+-------++-------
Melee: War axe           |    87 |    48 ||   135
 Abil: Shaft Self        |       |     2 ||     2
  Use: Potion            |       |     2 ||     2
Armor: Scale mail        |    25 |       ||    25
       Chain mail        |    14 |    23 ||    37
Dodge: Dodged            |    27 |    21 ||    48
Block: Kite shield       |    43 |    31 ||    74

Table legend: (Time is in decaauts)
 A = Elapsed time spent in this place.
 B = Non-inter-level travel time spent in this place.
 C = Inter-level travel time spent in this place.
 D = Time resting spent in this place.
 E = Time spent auto-exploring this place.
 F = Levels seen in this place.
 G = Mean time per level.
                   A        B        C        D        E       F      G
               +--------+--------+--------+--------+--------+-----+--------+
         Total |   2006 |   1950 |     56 |      0 |   1566 |   5 |  401.2 |
       Dungeon |   2006 |   1950 |     56 |      0 |   1566 |   5 |  401.2 |
               +--------+--------+--------+--------+--------+-----+--------+

Top non-repeatable levels by time:
     D:1: 1168 daAuts
     D:2: 815 daAuts
     D:5: 12 daAuts
     D:4: 5 daAuts
     D:6: 3 daAuts
